 Dungeon Crawl Stone Soup version 0.17.2-1-ge4368a0 (webtiles) character file.

170 ololoev the Chopper (level 5, 38/41 HPs)
             Began as a Demonspawn Berserker on July 28, 2016.
             Was a Believer of Trog.
             Quit the game on level 5 of the Dungeon.
             The game lasted 00:05:23 (833 turns).

ololoev the Chopper (Demonspawn Berserker)           Turns: 833, Time: 00:05:23

Health: 38/41      AC:  8    Str: 18    XL:     5   Next: 25%
Magic:  5/5        EV: 15    Int:  8    God:    Trog [**....]
Gold:   70         SH:  0    Dex: 13    Spells: 0 memorised, 4 levels left

rFire  . . .     SeeInvis .     a - +3 hand axe of the Ring {freeze, +Blink +Fly rF+}
rCold  + . .     Clarity  .     i - +0 scale mail
rNeg   . . .     SustAt   .     (no shield)
rPois  .         Gourm    .     (no helmet)
rElec  .         Spirit   +     (no cloak)
rCorr  .         Warding  .     (no gloves)
rMut   .         Stasis   .     j - +0 pair of boots
MR     .....                    (no amulet)
Stlth  ..........               k - ring of ice
                                d - +5 ring of evasion

@: not resistant to hostile enchantments, extremely unstealthy
A: icy blue scales 1, spiny 2, magic shield
a: Berserk, Trog's Hand, Burn Spellbooks, Renounce Religion, Evoke Blink, Evoke
Flight


Innate Abilities, Weirdness & Mutations

You are partially covered in icy blue scales (AC +1).
You are mostly covered in sharp spines.
When hurt, damage is shared between your health and your magic reserves.

Inventory:

Hand Weapons
 a - the +3 hand axe of the Ring (weapon) {freeze, +Blink +Fly rF+}
   (You found it on level 4 of the Dungeon)

   It has been specially enchanted to freeze those struck by it, causing extra
   injury to most foes and up to half again as much damage against particularly
   susceptible opponents.
   It can also slow down cold-blooded creatures.
   It protects you from fire.
   It lets you fly.
   It lets you blink.
Armour
 b - a +0 animal skin
 i - a +0 scale mail (worn)
 j - a +0 pair of boots (worn)
Jewellery
 d - a +5 ring of evasion (left hand)
 k - a ring of ice (right hand)
 m - an uncursed ring of wizardry
Scrolls
 e - a scroll of magic mapping {unknown}
 h - a scroll of enchant weapon {unknown}
 p - 2 scrolls of enchant armour {unknown}
 q - a scroll of fear {unknown}
 r - a scroll of remove curse
 s - 3 scrolls of identify {unknown}
Potions
 f - a potion of beneficial mutation {unknown}
 l - a potion of curing {unknown}
 n - a potion of brilliance {unknown}
 o - a potion of flight {unknown}
 t - 2 potions of might {unknown}
 u - a potion of heal wounds {unknown}
 v - 3 potions of degeneration {unknown}
 w - a potion of poison {unknown}
Comestibles
 c - 4 bread rations
 g - a royal jelly
 x - a chunk of flesh


   Skills:
 - Level 3.0 Fighting
 * Level 4.3 Axes
 + Level 3.0 Armour
 + Level 2.6 Dodging


You had 4 spell levels left.
You didn't know any spells.


You were on level 5 of the Dungeon.
You worshipped Trog.
Trog was pleased with you.
You were not hungry.

You visited 1 branch of the dungeon, and saw 5 of its levels.

You collected 70 gold pieces.

.. . .. # # #. ## +## #.
.. .. ... # .###.# #.##.
..# .# . ...... ... #.#
#%#.# #
##.##.#.........##.#
#.)@..#...#.##......
......#)....[...###..#.#
.#### #.#.....%.. #
#.#.####### ..#.# .....#
#...... #.....# #.....#

Notes
Turn   | Place    | Note
--------------------------------------------------------------
     0 | D:1      | ololoev the Demonspawn Berserker began the quest for the Orb.
     0 | D:1      | Reached XP level 1. HP: 18/18 MP: 1/1
    59 | D:1      | Gained mutation: You are partially covered in sharp spines. [demonic ancestry]
    59 | D:1      | Reached XP level 2. HP: 24/24 MP: 2/2
   172 | D:2      | Found an opulent altar of Gozag.
   178 | D:2      | Found a glowing golden altar of the Shining One.
   180 | D:2      | Found a shadowy altar of Dithmenos.
   182 | D:2      | Found a deep blue altar of Sif Muna.
   183 | D:2      | Found an ancient bone altar of Kikubaaqudgha.
   262 | D:3      | Gained mutation: You are partially covered in icy blue scales (AC +1). [demonic ancestry]
   262 | D:3      | Reached XP level 3. HP: 19/29 MP: 3/3
   273 | D:4      | Reached ** piety under Trog
   273 | D:4      | Gained mutation: You are mostly covered in sharp spines. [demonic ancestry]
   273 | D:4      | Reached XP level 4. HP: 31/35 MP: 4/4
   273 | D:4      | Reached skill level 4 in Axes
   326 | D:4      | Found Losmumix's Weapon Shoppe.
   365 | D:5      | Entered Level 5 of the Dungeon
   452 | D:4      | Found Quack's Book Boutique.
   470 | D:4      | Found Ragiuttite's Food Boutique.
   531 | D:4      | Found Meluimno's Weapon Boutique.
   614 | D:4      | Got an ancient hand axe
   615 | D:4      | Identified the +3 hand axe of the Ring {freeze, +Blink +Fly rF+} (You found it on level 4 of the Dungeon)
   820 | D:4      | You fall through a shaft!
   821 | D:5      | Gained mutation: When hurt, damage is shared between your health and your magic reserves. [demonic ancestry]
   821 | D:5      | Reached XP level 5. HP: 41/41 MP: 5/5
   833 | D:5      | Quit the game

Dungeon Overview and Level Annotations

Branches:
Dungeon (5/15)
 Temple: D:4-7

Altars:
Dithmenos
Gozag
Kikubaaqudgha
Sif Muna
The Shining One

Shops:
D:4 (:%(


Message History

The gnoll misses you.
Unknown command.
The gnoll is struck by your spines. The gnoll misses you.
You see here a club.
Unknown command.
Unknown command.
You hit the gnoll. You freeze the gnoll.
The gnoll is moderately wounded.
You hit the gnoll. You freeze the gnoll.
The gnoll is almost dead.
You closely miss the giant gecko skeleton.
The giant gecko skeleton closely misses you.
The gnoll hits you with a halberd. The gnoll is struck by your spines.
You kill the gnoll!
Trog accepts your kill.
Unknown command.
You hit the gnoll. You freeze the gnoll.
The gnoll is heavily wounded.
You hit the gnoll. You freeze the gnoll.
You kill the gnoll!
Trog accepts your kill.
You hit the giant gecko skeleton. The giant gecko skeleton bites you.
The gnoll is struck by your spines. The gnoll misses you.
Unknown command.
You hit the gnoll. You freeze the gnoll.
You kill the gnoll!
Trog accepts your kill.
Your Armour skill increases to level 3!
You hit the giant gecko skeleton.
You destroy the giant gecko skeleton!
Unknown command.
Things that are here:
a halberd; a gnoll corpse You butcher the gnoll corpse.
x - 2 chunks of flesh You see here a halberd.
Eat one of 2 chunks of flesh? (ye/n/q/i?) This raw flesh tastes terrible.
You continue eating. x2
Are you sure you want to abandon this character and quit the game? (Confirm with "yes".)

There were no monsters in sight!

Vanquished Creatures
  3 orc wizards (D:4)
  3 adders
  4 gnolls (D:5)
  An adder zombie (D:3)
  A worm (D:3)
  An orc (D:4)
  A giant cockroach (D:1)
  2 goblins
  A kobold (D:1)
  2 ball pythons
  4 bats
  2 giant gecko skeletons
  A giant newt (D:3)
26 creatures vanquished.

Action                   |  1- 3 |  4- 6 || total
-------------------------+-------+-------++-------
Melee: Hand axe          |    41 |     9 ||    50
Invok: Berserk           |     2 |       ||     2
  Use: Scroll            |       |     1 ||     1
  Eat: Chunk             |       |     2 ||     2

Vault maps used:
D:1:      roderic_chinese_lattice_arrival
D:2:      minitemple
D:3:      kennysheep_generic_room_4
D:4:      serial_shops, kennysheep_mini, shop, shop, shop, kennysheep_mini_moat,
          minmay_bad_closet, uniq_blork_the_orc
D:5:      lemuel_doored_altar, minmay_temple_entry_statues_pillars, first_bread,
          uniq_duvessa, uniq_edmund, uniq_sigmund
